 Dungeon Crawl Stone Soup version 0.31-a0-175-g9f7f995f2b (webtiles) character file.

Game seed: 18394309237072231801

52 qw the Shooter (level 3, -2/22 HPs)
             Began as a Gargoyle Hunter on June 16, 2023.
             Slain by an iguana (4 damage)
             ... on level 4 of the Dungeon.
             The game lasted 00:00:36 (1247 turns).

qw the Shooter (Gargoyle Hunter)                    Turns: 1247, Time: 00:00:37

Health: -2/22      AC:  8    Str: 14    XL:     3   Next: 85%
Magic:  3/3        EV: 10    Int:  9    God:
Gold:   47         SH:  0    Dex: 15    Spells: 2/2 levels left

rFire   . . .        Y - +0 shortbow
rCold   . . .        (shield currently unavailable)
rNeg    + . .        f - +0 ring mail
rPois   inf          (no helmet)
rElec   +            (no cloak)
rCorr   .            (no gloves)
SInv    .            (no boots)
Will    .....        (no amulet)
Stlth   +            (no ring)
HPRegen 0.23/turn    (no ring)
MPRegen 0.08/turn

%: no passive effects
@: no status effects
A: sickness immunity, AC +3, negative energy resistance 1, electricity
resistance, torment resistance 1, petrification resistance
a: no special abilities


You were on level 4 of the Dungeon.
You visited 1 branch of the dungeon, and saw 3 of its levels.

You collected 47 gold pieces.


Innate Abilities, Weirdness & Mutations

You are immune to sickness and miasma.
Your stone body is resilient. (AC +3)
You are immune to poison.
You resist negative energy. (rN+)
You are resistant to electric shocks. (rElec)
You are resistant to unholy torment.
You are immune to petrification.


   Skills:
 + Level 2.7 Fighting
 - Level 5.0 Ranged Weapons
 - Level 1.0 Armour
 - Level 1.5 Dodging
 - Level 1.1 Stealth


You had 2 spell levels left.
You didn't know any spells.
Your spell library was empty.

Inventory:

Hand Weapons
 Y - a +0 shortbow (weapon)
Armour
 f - a +0 ring mail (worn)
Scrolls
 a - a scroll of vulnerability {unknown}
 b - a scroll of teleportation {unknown}
Potions
 h - a potion of enlightenment {unknown}

Dungeon Overview and Level Annotations

Branches:
Dungeon (2/15)

Altars:


Message History

Waypoint 2 assigned to D:4.
Found 4 stones.
Found 5 boomerangs.
An iguana comes into view.
You shoot an arrow.
The arrow hits the iguana but does no damage.
The iguana hisses angrily.
You shoot an arrow. The arrow barely misses the iguana.
You shoot an arrow.
The arrow hits the iguana but does no damage.
You shoot an arrow. The arrow barely misses the iguana.
The iguana bites you but does no damage.
The iguana bites you.
You shoot an arrow. The arrow hits the iguana.
The iguana is lightly wounded.
The iguana closely misses you.
You shoot an arrow. The arrow hits the iguana!
The iguana is severely wounded.
The iguana bites you!
You shoot an arrow.
The arrow hits the iguana but does no damage.
The iguana is severely wounded.
The iguana bites you. x2
You shoot an arrow.
The arrow hits the iguana but does no damage.
The iguana is severely wounded.
The iguana closely misses you.
You shoot an arrow. The arrow closely misses the iguana.
The iguana hisses menacingly.
The iguana bites you.
You shoot an arrow. The arrow barely misses the iguana.
The iguana closely misses you.
You shoot an arrow. The arrow closely misses the iguana.
The iguana bites you but does no damage.
The iguana bites you.
You shoot an arrow. The arrow barely misses the iguana.
The iguana barely misses you.
You shoot an arrow. The arrow closely misses the iguana.
The iguana bites you.
You die...

##.## #...# ##.##
.... ##...## ...
#.....## #.. #
##...###.#..# .#
##...(.##..... ..
#.......##
#..####.#.#
.........#
#....@l...#
#.......##
#.#...#.#.#
.........## #.#.#
# ..........##
#.#.#
...........###.#.#
.............#.#..
...........#...##.
.......(..####+#
#. .........## .


You could see an iguana.

Vanquished Creatures
  2 worms (D:2)
  6 ball pythons
  6 bats
  2 endoplasms (D:2)
  2 giant cockroaches
  3 goblins
  2 hobgoblins (D:1)
  7 jackals (D:1)
  3 quokkas
  A frilled lizard (D:1)
  A kobold (D:2)
  4 rats
39 creatures vanquished.

Notes
Turn   | Place    | Note
-------+----------+-------------------------------------------
     0 | D:1      | qw the Gargoyle Hunter began the quest for the Orb.
     0 | D:1      | Reached XP level 1. HP: 12/12 MP: 1/1
     0 | D:1      | 0 ||| qw: Version: 0.2-a-29-g511e9b1
     0 | D:1      | 0 ||| qw: Game counter: 84
     0 | D:1      | 0 ||| qw: Always use a shield: true
     0 | D:1      | 0 ||| qw: God list: Okawaru
     0 | D:1      | 0 ||| qw: Allow faded altars: false
     0 | D:1      | 0 ||| qw: Do Orc after D:15 true
     0 | D:1      | 0 ||| qw: Do second Lair branch before Depths: true
     0 | D:1      | 0 ||| qw: Lair rune preference: random
     0 | D:1      | 0 ||| qw: Plans: Normal, Zot:1-4, Slime:5, God:TSO, Crypt,
                  | Tomb, Abyss, Pan, Hells, Win
     0 | D:1      | 0 ||| PLANNING D:1-11
   103 | D:1      | Reached XP level 2. HP: 17/17 MP: 2/2
   426 | D:1      | 426 ||| UPGRADING to +0 ring mail.
   435 | D:1      | Reached XP level 3. HP: 21/21 MP: 3/3
   446 | D:1      | Reached skill level 5 in Ranged Weapons
   459 | D:1      | 459 ||| UPGRADING to +0 leather armour.
   464 | D:1      | 464 ||| UPGRADING to +0 ring mail.
   474 | D:1      | 474 ||| DROPPING +0 leather armour.
   846 | D:1      | 846 ||| READING scroll labelled GOOZINA UTAPT.
   847 | D:1      | 847 ||| READING scroll labelled DAEH ONGIEV.
   848 | D:1      | 848 ||| READING scroll labelled SENIGHIFUT.
   949 | D:1      | 949 ||| DROPPING scroll of butterflies.
  1011 | D:2      | Reached skill level 1 in Armour
  1210 | D:2      | You fall into a shaft and drop 2 floors!
  1241 | D:4      | HP: 5/22 [iguana (5)]
  1243 | D:4      | HP: 2/22 [iguana (3)]
  1247 | D:4      | Slain by an iguana

Levels and vault maps discovered:
D:1:      lightli_arrival_statue_moat, layout_loops_ring, serial_bayou,
          serial_bayou_shore_b, serial_bayou_shore_b, serial_bayou_shore_a,
          serial_bayou_pond_c, serial_bayou_pond_a
D:2:      layout_rooms, chequers_serial_rivers_marsh, nicolae_titane,
          uniq_natasha
D:4:      layout_basic, serial_shops, nicolae_stop_n_shop_1,
          nicolae_shop_real_fake_doors, nicolae_shop_just_a_little_nook,
          nicolae_figureground_pulse

Skill      XL: |  1  2  3 |
---------------+----------+-----
Ranged Weapons | 5 |  5.0
Armour         | 1 |  1.0
Fighting       | |  2.7
Dodging        | |  1.5
Stealth        | |  1.1

Action                     || total
---------------------------++-------
   Fire: Shortbow          ||   153
    Use: Scroll            ||     3
 Armour: Leather armour    ||    14
         Ring mail         ||    23
         Skin              ||     2
  Dodge: Dodged            ||    47

Table legend:
 A = Non-vault XP
 B = Vault XP
 C = Vault XP percentage of total XP
 D = Non-vault monster count
 E = Vault monster count
 F = Vault count percentage of total count
                 A         B        C        D         E       F
            +---------+---------+-------+---------+---------+-------
      Total |      75 |       0 |   0.0 |      39 |       0 |   0.0
            +---------+---------+-------+---------+---------+-------
        D:1 |      48 |       0 |   0.0 |      27 |       0 |   0.0
        D:2 |      27 |       0 |   0.0 |      12 |       0 |   0.0
            +---------+---------+-------+---------+---------+-------
